 Dungeon Crawl Stone Soup version 0.16-a0-1885-g0f03bb0 (webtiles) character file.

2468 Kraw the Slinger (level 9, 0/64 HPs)
             Began as a Halfling Abyssal Knight on Nov 7, 2014.
             Was a High Priest of Lugonu.
             Slain by a spriggan baker
             ... wielding a +0 dagger
              (3 damage)
             ... on level 7 of the Dungeon.
             The game lasted 00:42:47 (9643 turns).

Kraw the Slinger (Halfling Abyssal Knight)          Turns: 9643, Time: 00:42:47

Health: 0/64       AC: 11    Str: 15    XL:     9   Next: 80%
Magic:  12/16      EV: 11    Int: 14    God:    Lugonu [*****.]
Gold:   280        SH:  0    Dex: 14    Spells: 0 memorised, 8 levels left

rFire  . . .     SeeInvis .     a - +1 rapier of Wondrous Power {flame, Str+3}
rCold  . . .     Clarity  .     w - +5 ring mail
rNeg   + . .     SustAb   .     (no shield)
rPois  .         Gourm    .     (no helmet)
rElec  .         Spirit   .     y - +0 cloak
rCorr  .         Warding  +     (no gloves)
rMut   .         Stasis   .     (no boots)
MR     .....                    F - amulet of warding
Stlth  +.........               (no ring)
                                L - ring of wizardry

@: not resistant to hostile enchantments, very unstealthy
A: mutation resistance 1
a: Depart the Abyss, Bend Space, Banish, Corrupt, Enter the Abyss, Renounce
Religion


You were on level 7 of the Dungeon.
You worshipped Lugonu.
Lugonu was extremely pleased with you.
You were hungry.

You visited 1 branch of the dungeon, and saw 8 of its levels.
You visited the Abyss 1 time.

You collected 280 gold pieces.

Inventory:

Hand weapons
 a - the +1 rapier of Wondrous Power (weapon) {flame, Str+3}
   (You found it on level 7 of the Dungeon)

   It emits flame when wielded, causing extra injury to most foes and up to
   double damage against particularly susceptible opponents.
   It affects your strength (+3).
 b - a +1 hunting sling
 e - a +0 blowgun
 j - a cursed +1 short sword of protection
 z - a +1 short sword of holy wrath
Missiles
 f - 37 stones (quivered)
 h - 34 poisoned needles
 q - 10 sling bullets
 K - 5 curare-tipped needles
Armour
 w - a +5 ring mail (worn)
 y - a +0 cloak (worn)
Jewellery
 g - an uncursed amulet of resist mutation
 F - an amulet of warding (around neck)
 L - a ring of wizardry (left hand)
Magical devices
 u - a wand of random effects (14)
 v - a wand of confusion (48)
Scrolls
 d - 2 scrolls of enchant weapon
 n - a scroll of enchant armour
 o - a scroll of magic mapping {unknown}
 A - 3 scrolls of recharging
 E - a scroll of remove curse
 H - a scroll of fear {unknown}
 N - a scroll of holy word {unknown}
Potions
 i - a potion of confusion {unknown}
 k - 3 potions of restore abilities
 l - 2 potions of agility
 p - 2 potions of brilliance
 s - 2 potions of heal wounds {unknown}
 t - 2 potions of flight
 x - a potion of might {unknown}
 B - 2 potions of cure mutation
 D - 3 potions of curing {unknown}
 G - a potion of haste {unknown}
 J - 3 potions of cancellation {unknown}
Books
 I - a book of Alchemy

   Spells                             Type                      Level
   Sublimation of Blood               Necromancy                   2
   Alistair's Intoxication            Transmutation/Poison         4
   Condensation Shield                Ice                          4
   Petrify                            Transmutation/Earth          4
   Ignite Poison                      Fire/Transmutation           5
   Irradiate                          Conjuration/Transmutation    5
Comestibles
 c - 2 bread rations
 m - 3 meat rations
 r - 2 chunks of flesh
 C - a beef jerky
 M - a fruit


   Skills:
 - Level 7.3 Fighting
 - Level 7.2 Short Blades
 - Level 9.1 Slings
 - Level 2.1 Armour
 + Level 4.2 Dodging
 - Level 5.0 Invocations


You had 8 spell levels left.
You didn't know any spells.

Dungeon Overview and Level Annotations

Branches:
Dungeon (8/15)             Temple (0/1) D:5
   Lair: D:8-11

Altars:
Elyvilon
Nemelex Xobeh
Okawaru
Sif Muna
Trog
Xom

Annotations:
D:7 exclusion: ice statue
Abyss:1 Blork the orc


Innate Abilities, Weirdness & Mutations

You are small and have problems with some larger weapons.
You are somewhat resistant to further mutation.


Message History

The spriggan baker is severely wounded.
You completely miss the spriggan baker.
The spriggan baker is severely wounded.
The spriggan baker closely misses you.
You closely miss the spriggan baker.
The spriggan baker is severely wounded.
The spriggan baker hits you with a dagger!
* * * LOW HITPOINT WARNING * * *
Use which ability? (? or * to list)
Press: ? - help, Shift-Dir - straight line, f - spriggan baker
Aim: a spriggan baker, wielding a dagger and wearing a robe (severely wounded)
You fail to use your ability.
The spriggan baker hits you but does no damage.
Use which ability? (? or * to list)
Press: ? - help, Shift-Dir - straight line, f/p - spriggan baker
Aim: a spriggan baker, wielding a dagger and wearing a robe (severely wounded)
The spriggan baker resists with some effort.
You feel somewhat more hungry.
The spriggan baker hits you with a dagger.
You die...

#.# ##..# #.....##.........##
##.#####...##8....$8#...####...##
............##.....##...'.......#
##.#####...###8...8##...####...##
...# ##..###.....##..## #..##
#### ##.##8.....8#.## #.## ...#
#.# #.....#### #.# ##.#######.#
#8.)i8# #.# #.##...##.# ##@## ###
#.# #.##......# ##### #.# #.#
#.##...#### #..## #.# #.#
#.###.## #..# #.######.#
##.###.########.## #........#
...##...........# #.########
#####.#..######.#####.#
#.......###.......#
####.##........####


You could see a spriggan baker.

Vanquished Creatures
  A hill giant skeleton (D:8)
  Menkaure (D:7)
  2 black bears (D:8)
  A manticore zombie (D:7)
  An ogre (D:6)
  A big kobold (D:7)
  A centaur (D:7)
  Duvessa (D:6)
  2 giant frogs (D:7)
  3 wights (D:7)
  Dowan (D:6)
  2 hounds
  3 jellies
  2 orc priests
  10 orc wizards
  7 worker ants
  An ogre skeleton (D:3)
  4 adders
  An orc zombie (D:7)
  4 shadow imps
  3 worms
  An adder zombie (D:7)
  2 orc skeletons
  6 giant geckos
  An ooze (D:3)
  31 orcs
  20 bats
  A bat zombie (D:5)
  A giant cockroach (D:1)
  20 goblins
  13 hobgoblins
  9 jackals
  4 quokkas
  2 ball pythons
  2 giant gecko zombies (D:7)
  4 giant newts
  A giant spore (D:8)
  18 kobolds
  A kobold skeleton (D:4)
  10 rats
  A ballistomycete (D:8)
200 creatures vanquished.

Vanquished Creatures (others)
  The ghost of Kraw the Vandal, an experienced HaAK of Lugonu (D:5)
  2 sky beasts
  An orc warrior (D:7)
  A centaur (D:6)
  2 orc wizards
7 creatures vanquished.

Grand Total: 207 creatures vanquished

Notes
Turn   | Place    | Note
--------------------------------------------------------------
     0 | Abyss:1  | Kraw, the Halfling Abyssal Knight, began the quest for the Orb.
     0 | Abyss:1  | Reached XP level 1. HP: 15/15 MP: 1/1
    18 | D:1      | Escaped the Abyss
    60 | D:1      | Reached skill level 3 in Short Blades
   100 | D:1      | Reached XP level 2. HP: 20/20 MP: 2/2
   428 | D:1      | Acquired Lugonu's second power
   513 | D:1      | Reached XP level 3. HP: 22/25 MP: 4/4
   952 | D:1      | Reached skill level 4 in Short Blades
  1271 | D:2      | Acquired Lugonu's third power
  1271 | D:2      | Reached XP level 4. HP: 30/30 MP: 6/6
  1522 | D:2      | Reached skill level 1 in Slings
  2126 | D:3      | Reached XP level 5. HP: 26/35 MP: 8/8
  2218 | D:3      | Noticed a sky beast
  2227 | D:3      | Banished a sky beast
  2578 | D:3      | Reached XP level 6. HP: 14/41 MP: 11/11
  2771 | D:3      | Found a sparkling altar of Nemelex Xobeh.
  3110 | D:4      | Reached skill level 5 in Invocations
  3254 | D:4      | Acquired Lugonu's fourth power
  3373 | D:4      | Reached skill level 5 in Slings
  4357 | D:5      | Entered Level 5 of the Dungeon
  4469 | D:5      | Noticed Blork the orc
  4501 | D:5      | Banished Blork the orc
  4501 | D:5      | Reached skill level 6 in Slings
  4501 | D:5      | Reached XP level 7. HP: 5/45 MP: 9/13
  4824 | D:5      | Found a staircase to the Ecumenical Temple.
  5064 | D:5      | Noticed Kraw's ghost (experienced HaAK)
  5066 | D:5      | Banished Kraw's ghost
  5066 | D:5      | Reached skill level 7 in Slings
  5419 | D:6      | Reached skill level 8 in Slings
  5844 | D:6      | Reached skill level 9 in Slings
  5858 | D:6      | Reached XP level 8. HP: 4/51 MP: 15/15
  6161 | D:6      | Reached skill level 5 in Short Blades
  6402 | D:6      | Found a deep blue altar of Sif Muna.
  6499 | D:6      | Noticed Dowan
  6500 | D:6      | Noticed Duvessa
  6543 | D:6      | Killed Dowan
  6791 | D:6      | Killed Duvessa
  7216 | D:7      | Found a white marble altar of Elyvilon.
  7884 | D:7      | Got a faintly glowing rapier
  8032 | D:7      | Identified the cursed +1 rapier of Wondrous Power {flame, Str+3} (You found it on level 7 of the Dungeon)
  8283 | D:7      | Reached skill level 5 in Fighting
  8283 | D:7      | Reached XP level 9. HP: 59/61 MP: 16/16
  8347 | D:7      | Found an iron altar of Okawaru.
  8633 | D:7      | Noticed an ice statue
  8714 | D:7      | Found a shimmering altar of Xom.
  8741 | D:7      | Noticed Menkaure
  8749 | D:7      | Killed Menkaure
  8945 | D:7      | Acquired Lugonu's fifth power
  9506 | D:8      | Found a bloodstained altar of Trog.
  9641 | D:7      | HP: 2/64 [spriggan baker/dagger (10)]
  9643 | D:7      | Slain by a spriggan baker

Action                   |  1- 3 |  4- 6 |  7- 9 || total
-------------------------+-------+-------+-------++-------
Melee: Short sword       |   138 |   159 |   137 ||   434
       Rapier            |       |       |   204 ||   204
 Fire: Hunting sling     |    14 |   135 |   239 ||   388
Throw: Stone             |    12 |     1 |       ||    13
Invok: Banish            |       |     2 |     8 ||    10
       Bend Space        |       |     4 |    14 ||    18
  Use: Scroll            |       |       |     9 ||     9
  Eat: Chunk             |     1 |    11 |    14 ||    26
       Pizza             |       |       |     2 ||     2
       Beef jerky        |       |       |     1 ||     1
